 Dungeon Crawl Stone Soup version 0.29-a0-834-g1e95ca9f62 (webtiles) character file.

Game seed: 7477152724367109887

98 scionoferis the Grasshopper (level 4, -1/39 HPs)
             Began as a Naga Warper on July 13, 2022.
             Slain by Pargi (3 damage)
             ... in a sewer.
             The game lasted 00:08:27 (3723 turns).

scionoferis the Grasshopper (Naga Warper)           Turns: 3723, Time: 00:08:27

Health: -1/39      AC:  4    Str: 10 (13) XL:     4   Next: 69%
Magic:  5/7        EV:  9    Int: 13 (15) God:
Gold:   98         SH:  0    Dex:  9 (11) Spells: 4/8 levels left

rFire   + . .      SeeInvis +   l - +0 dagger (venom)
rCold   . . .      Faith    .   (no shield)
rNeg    . . .      Spirit   .   b - +1 leather armour
rPois   +          Reflect  .   (no helmet)
rElec   .          Harm     .   (no cloak)
rCorr   .          Rampage  .   (no gloves)
Will    .....                   (no barding)
Stlth   +.........              (no amulet)
HPRegen 0.13/turn               p - ring of protection from fire
MPRegen 0.10/turn               (no ring)

@: mighty, on blink cooldown, very slow
A: AC +1, large, see invisible, deformed body, poison resistance, slowness 2,
spit poison 1, naga tail 1
a: Spit Poison


You were in a sewer.
You visited 1 branch of the dungeon, and saw 3 of its levels.
You also visited: Sewer.

You collected 98 gold pieces.

Inventory:

Hand Weapons
 a - a +0 short sword
 g - a +0 dagger of venom
 l - a +0 dagger of venom (weapon)
Missiles
 d - 6 boomerangs of dispersal (quivered)
 m - 3 poisoned darts
Armour
 b - a +1 leather armour (worn)
Jewellery
 p - a ring of protection from fire (left hand)
Scrolls
 c - a scroll of blinking
 f - a scroll of identify
 j - a scroll of fear {unknown}
 k - a scroll of enchant weapon {unknown}
 r - a scroll of teleportation
Potions
 e - a potion of degeneration
 i - a potion of magic {unknown}
 q - a potion of curing {unknown}


   Skills:
 - Level 2.0 Fighting
 * Level 3.2 Short Blades
 - Level 0.8 Throwing
 + Level 1.7 Armour
 - Level 1.5 Dodging
 + Level 2.6 Spellcasting
 * Level 0.0 Conjurations
 + Level 3.5 Translocations


You had 4 spell levels left.
You knew the following spells:

 Your Spells              Type           Power      Damage    Failure   Level
a - Blink                 Tloc           22%        N/A       11%         2
b - Searing Ray           Conj           2%         2d4       43%         2

Your spell library contained the following spells:

 Spells                   Type           Power      Damage    Failure   Level
 Gell's Gravitas          Tloc           11%        N/A       22%         3
 Lesser Beckoning         Tloc           11%        N/A       22%         3
 Teleport Other           Tloc           11%        N/A       22%         3
 Magic Dart               Conj           4%         1d3       32%         1
 Static Discharge         Conj/Air       1%         3-4/arc   43%         2
 Dispel Undead            Necr           1%         3d6       97%         4
 Fulminant Prism          Conj/Hex       0%         3d6       97%         4
 Sticky Flame             Conj/Fire      1%         2d3       97%         4
 Manifold Assault         Tloc           11%        N/A       90%         5


Dungeon Overview and Level Annotations

Branches:
Dungeon (3/15)              Sewer (1/1)

Altars:

Shops:
D:1 *   D:2 (*(

Annotations:
Sewer Pargi


Innate Abilities, Weirdness & Mutations

Your serpentine skin is tough. (AC +1)
You have supernaturally acute eyesight. (SInv)
Armour fits poorly on your strangely shaped body.
Your system is resistant to poisons. (rPois)
You cover ground very slowly.
You can spit poison.
You have a snake-like lower body.


Message History

You barely miss Pargi.
Pargi is heavily wounded.
Pargi bites you. Pargi claws you but does no damage. Pargi barely misses you.
You barely miss Pargi.
Pargi is heavily wounded.
You closely miss Pargi.
Pargi is heavily wounded.
Pargi bites you. Pargi closely misses you. Pargi claws you but does no damage.
You barely miss Pargi.
Pargi is heavily wounded.
Pargi closely misses you. x2; Pargi claws you.
You hit Pargi.
Pargi looks as sick as possible!
Pargi is severely wounded.
Pargi closely misses you. Pargi claws you. Pargi claws you but does no damage.
You hit Pargi.
Pargi is severely wounded.
Pargi bites you.
* * * LOW HITPOINT WARNING * * *
Pargi claws you but does no damage. x2
You hit Pargi.
Pargi looks as sick as possible!
Pargi is severely wounded.
Pargi bites you!
* * * LOW HITPOINT WARNING * * *
Pargi claws you but does no damage. x2
Okay, then.
Cast which spell? (? or * to list)
You blink.
Casting: Blink (safe; 10% risk of failure)
Confirm with . or Enter, or press ? or * to list all spells.
You are still too unstable to blink.
It was a potion of degeneration.
There was something very wrong with that liquid.
You feel weakened.
You feel dopey.
You feel clumsy. Pargi barely misses you. Pargi claws you.
* * * LOW HITPOINT WARNING * * *
Pargi misses you.
It was a potion of might.
You feel very mighty all of a sudden. Pargi barely misses you. Pargi claws you.
You die...

############
#.##.##.##.#
#.##.##.##.#
#+##+##'##'##'##'#
..............@T.#
≈≈≈≈≈≈≈.≈≈≈≈≈≈≈≈≈#≈≈≈≈≈≈
≈≈≈≈≈≈≈∩≈≈≈≈≈≈≈≈≈#≈≈≈≈≈≈
≈≈≈≈≈≈≈.≈≈≈≈≈≈≈≈≈#≈≈≈≈≈≈
.................#######
#+##+##.##+##+##+# #.#
#∩# ###


You could see Pargi (extremely poisoned).

Vanquished Creatures
  3 adders
  A worm (D:2)
  A dart slug (D:1)
  8 ball pythons
  5 endoplasms
  3 giant cockroaches
  3 goblins (D:2)
  6 hobgoblins
  9 jackals
  3 quokkas
  4 bats
  2 frilled lizards
  7 kobolds
  4 rats
59 creatures vanquished.

Notes
Turn   | Place    | Note
-------+----------+-------------------------------------------
     0 | D:1      | scionoferis the Naga Warper began the quest for the Orb.
     0 | D:1      | Reached XP level 1. HP: 19/19 MP: 3/3
   574 | D:1      | Found Istrowenk's General Store.
   582 | D:1      | Reached skill level 1 in Armour
   611 | D:1      | Reached XP level 2. HP: 24/26 MP: 5/5
   614 | D:1      | Learned a level 2 spell: Blink
  1223 | D:1      | Reached XP level 3. HP: 21/32 MP: 6/6
  2924 | D:2      | Reached XP level 4. HP: 32/39 MP: 7/7
  2980 | D:2      | Found Xuehuo's Antique Weapon Boutique.
  3047 | D:2      | Found Dociuc's Assorted Antiques.
  3253 | D:2      | Found Zing's Weapon Shop.
  3620 | D:3      | Found a faded altar of an unknown god.
  3631 | D:3      | Found a glowing drain.
  3669 | D:3      | Learned a level 2 spell: Searing Ray
  3670 | Sewer    | Entered a sewer
  3706 | Sewer    | Noticed Pargi
  3723 | Sewer    | Slain by Pargi

Illustrated notes

Levels and vault maps discovered:
D:1:      lightli_arrival_windingriver, layout_loops_ring, serial_shops,
          nicolae_diamond_shop, minmay_fountain_box, minmay_pentomino_z2
D:2:      layout_loops_cross, serial_shops, nicolae_shop_trees, shop,
          nicolae_shop_advertising_works [nicolae_subvault_shop_adworks]
D:3:      layout_loops_cross, ebering_ecumenical_altar_box,
          cheibrodos_sewer_entry_drain, dreamdust_mushroom_princess
Sewer:    kennysheep_door_sewer

Skill      XL: |  1  2  3  4 |
---------------+-------------+-----
Armour         | 1 |  1.7
Short Blades   | 3 |  3.2
Fighting       | |  2.0
Throwing       | |  0.8
Dodging        | |  1.5
Spellcasting   | |  2.6
Translocations | |  3.5

Action                   |  1- 3 |  4- 6 || total
-------------------------+-------+-------++-------
Melee: Short sword       |    86 |       ||    86
       Dagger            |    77 |   104 ||   181
       Punch             |     1 |     1 ||     2
Throw: Boomerang         |     1 |       ||     1
 Cast: Blink             |       |     1 ||     1
  Use: Scroll            |       |     5 ||     5
       Potion            |       |     2 ||     2
Armor: Leather armour    |    25 |    40 ||    65
Dodge: Dodged            |    56 |    46 ||   102

Table legend: (Time is in decaauts)
 A = Elapsed time spent in this place.
 B = Non-inter-level travel time spent in this place.
 C = Inter-level travel time spent in this place.
 D = Time resting spent in this place.
 E = Time spent auto-exploring this place.
 F = Levels seen in this place.
 G = Mean time per level.
                   A        B        C        D        E       F      G
               +--------+--------+--------+--------+--------+-----+--------+
         Total |   4280 |   4241 |     39 |      0 |   3593 |   4 | 1070.0 |
       Dungeon |   4219 |   4180 |     39 |      0 |   3549 |   3 | 1406.3 |
         Sewer |     60 |     60 |      0 |      0 |     43 |   1 |   60.0 |
               +--------+--------+--------+--------+--------+-----+--------+

Top non-repeatable levels by time:
     D:1: 2459 daAuts
     D:2: 1644 daAuts
     D:3: 115 daAuts
   Sewer: 60 daAuts
